 Dungeon Crawl Stone Soup version 0.21.1 (webtiles) character file.

150 Zhenya24pyc the Skirmisher (level 5, -2/34 HPs)
             Began as a Gargoyle Fighter on Feb 2, 2018.
             Slain by Sigmund
             ... wielding a +0 scythe
              (9 damage)
             ... on level 3 of the Dungeon.
             The game lasted 00:02:47 (1903 turns).

Zhenya24pyc the Skirmisher (Gargoyle Fighter)       Turns: 1903, Time: 00:02:49

Health: -2/34      AC: 10    Str: 21    XL:     5   Next: 32%
Magic:  5/5        EV:  7    Int:  8    God:
Gold:   142        SH:  9    Dex:  9    Spells: 4/4 levels left

rFire    . . .     SeeInvis .   a - +0 flail
rCold    . . .     Gourm    .   c - +0 shield
rNeg     + . .     Faith    .   b - +0 scale mail
rPois    ∞         Spirit   .   (no helmet)
rElec    +         Reflect  .   (no cloak)
rCorr    .         Harm     .   (no gloves)
MR       .....                  (no boots)
Stlth    ..........             (no amulet)
HPRegen  0.11/turn              g - +4 ring of slaying
MPRegen  0.09/turn              (no ring)

@: no status effects
A: negative energy resistance 1, electricity resistance, unbreathing,
petrification resistance, rot immunity, AC +4
a: no special abilities


You were on level 3 of the Dungeon.
You were not hungry.

You visited 1 branch of the dungeon, and saw 3 of its levels.

You collected 142 gold pieces.

Inventory:

Hand Weapons
 a - a +0 flail (weapon)
Armour
 b - a +0 scale mail (worn)
 c - a +0 shield (worn)
Jewellery
 g - a +4 ring of slaying (left hand)
 m - an uncursed amulet of guardian spirit {unknown}
Scrolls
 e - 2 scrolls of fear {unknown}
 i - a scroll of blinking {unknown}
 k - 2 scrolls of enchant armour {unknown}
 l - 4 scrolls of identify {unknown}
 n - a scroll of teleportation {unknown}
 p - a scroll of fog {unknown}
Potions
 d - 2 potions of might
 h - 3 potions of agility {unknown}
 j - a potion of curing {unknown}
 o - a potion of flight {unknown}
Comestibles
 f - 8 rations
 q - 9 chunks of flesh


   Skills:
 + Level 4.4 Fighting
 * Level 4.3 Maces & Flails
 - Level 3.2 Armour
 - Level 1.0 Dodging
 - Level 3.2 Shields


You had 4 spell levels left.
You didn't know any spells.

Dungeon Overview and Level Annotations

Branches:
Dungeon (3/15)

Altars:
Elyvilon
Wu Jian
The Shining One

Annotations:
D:3 Sigmund


Innate Abilities, Weirdness & Mutations

You are resistant to torment.
Your stone body is resilient. (AC +4)
You are immune to poison.
You resist negative energy. (rN+)
You are resistant to electric shocks. (rElec)
You can survive without breathing.
You are immune to petrification.
You are immune to rotting.


Message History

The gnoll hits you but does no damage.
You sock the gnoll!
You kill the gnoll!
You closely miss the gnoll. The gnoll hits you but does no damage.
Something hits you but does no damage. The gnoll hits you with a whip.
* * * LOW HITPOINT WARNING * * *
You thump the gnoll!
You kill the gnoll!
A magic dart appears from out of thin air!
The magic dart hits you!
* * * LOW HITPOINT WARNING * * *
You hear some strange, mumbled words.
Something tries to affect you, but you resist.
There is an escape hatch in the ceiling here.
Items here: )) †† a whip x2; a gnoll corpse x2
You closely miss something. Something hits you but does no damage.
You closely miss something. Something hits you but does no damage.
You hit something. Something hits you!
You die...

######.##.#.#
#####.........#.#
##......#####..#.#
>...........##.#.#
.#..###.###.#..#.######
....###...#.#.........##
))..##....#.#...........
.÷....._......##.####.#
.##.#....##..###@#
.##.#...###..# #†# .#
.###.# #..# #=)...... ##
... ...# #........ ###
##......# #........ ...#
....#### #........ ####
+#+# #........ .........
.........


There were no monsters in sight!

Vanquished Creatures
  An orc priest (D:3)
  3 gnolls (D:3)
  2 adders
  4 dart slugs
  2 leopard geckos
  8 orcs (D:3)
  10 bats
  4 giant cockroaches
  6 goblins
  3 hobgoblins
  A jackal (D:3)
  2 ball pythons (D:1)
  2 frilled lizards (D:2)
  3 kobolds (D:1)
  6 rats
57 creatures vanquished.

Vanquished Creatures (others)
  A jackal (D:3)
1 creature vanquished.

Grand Total: 58 creatures vanquished

Notes
Turn   | Place    | Note
-------+----------+-------------------------------------------
     0 | D:1      | Zhenya24pyc the Gargoyle Fighter began the quest for the Orb.
     0 | D:1      | Reached XP level 1. HP: 14/14 MP: 1/1
   164 | D:1      | Reached XP level 2. HP: 19/19 MP: 2/2
   375 | D:1      | Reached XP level 3. HP: 15/23 MP: 3/3
   877 | D:2      | Reached skill level 1 in Dodging
  1288 | D:2      | Found a glowing golden altar of the Shining One.
  1348 | D:3      | Found a white marble altar of Elyvilon.
  1370 | D:3      | Reached XP level 4. HP: 14/29 MP: 4/4
  1685 | D:3      | Found an ornate altar of the Wu Jian Council.
  1882 | D:3      | Noticed Sigmund
  1888 | D:3      | Reached XP level 5. HP: 33/33 MP: 5/5
  1903 | D:3      | Slain by Sigmund

Skill      XL: |  1  2  3  4 |
---------------+-------------+-----
Dodging        | 1 |  1.0
Maces & Flails | 3 4 |  4.3
Fighting       | 4 |  4.4
Armour         | |  3.2
Shields        | |  3.2

Action                   |  1- 3 |  4- 6 || total
-------------------------+-------+-------++-------
Melee: Flail             |   108 |    52 ||   160
  Eat: Chunk             |     2 |     1 ||     3
Armor: Scale mail        |    74 |    33 ||   107
Dodge: Dodged            |    52 |    19 ||    71
Block: Shield            |    60 |    34 ||    94
